 Dungeon Crawl Stone Soup version 0.29-a0-338-g1ff7896281 (webtiles) character file.

Game seed: 16217517897537671094

5541 kevlar127 the Grappler (level 10, 0/102 HPs)
             Began as a Troll Berserker on Apr 18, 2022.
             Was a Priest of Trog.
             Slain by a cyan ugly thing (15 damage)
             ... on level 9 of the Dungeon.
             The game lasted 01:17:43 (8527 turns).

kevlar127 the Grappler (Troll Berserker)            Turns: 8527, Time: 01:17:44

Health: 0/102      AC: 17    Str: 29    XL:     10   Next: 43%
Magic:  0/9        EV: 12    Int:  3    God:    Trog [***...]
Gold:   365        SH:  0    Dex: 15    Spells: 9/9 levels left

rFire   . . .      SeeInvis +     - Unarmed
rCold   . . .      Faith    .   (no shield)
rNeg    . . .      Spirit   +   q - +3 shadow dragon scales "Utope" {Str-2 Dex+6 Stlth++++}
rPois   .          Reflect  .   s - +1 hat
rElec   .          Harm     .   (no cloak)
rCorr   .          Rampage  .   (gloves unavailable)
Will    ++...                   (boots unavailable)
Stlth   ++........              r - amulet of guardian spirit
HPRegen 2.07/turn               u - +4 ring of evasion
MPRegen 0.11/turn               B - ring of see invisible

@: mighty, strong-willed, regenerating
A: large, unfitting armour, claws 3, regeneration 1, shaggy fur 1, tough skin 1
a: Renounce Religion, Berserk, Trog's Hand


You were on level 9 of the Dungeon.
You worshipped Trog.
Trog was most pleased with you.
You visited 2 branches of the dungeon, and saw 10 of its levels.
You also visited: Sewer and Ossuary.

You collected 541 gold pieces.
You spent 176 gold pieces at shops.

Inventory:

Missiles
 g - 205 stones
 p - 9 poisoned darts
 C - 4 boomerangs (quivered)
 E - 2 curare-tipped darts
Armour
 q - the +3 shadow dragon scales "Utope" (worn) {Str-2 Dex+6 Stlth++++}
   (You acquired it on level 7 of the Dungeon)

   Str:       It affects your strength (-2).
   Dex:       It affects your dexterity (+6).
   Stlth:     It makes you much more stealthy.
 s - a +1 hat (worn)
 N - a +0 kite shield
Jewellery
 a - a ring of positive energy
 r - an amulet of guardian spirit (around neck)
 u - a +4 ring of evasion (left claw)
 y - a +6 ring of intelligence
 B - a ring of see invisible (right claw)
 O - a ring of ice
Wands
 j - a wand of flame (19)
 w - a wand of paralysis (11)
 I - a wand of polymorph (15)
 K - a wand of acid (12)
 L - a wand of mindburst (16)
 M - a wand of digging (1)
Scrolls
 b - a scroll of vulnerability
 c - 5 scrolls of blinking
 d - a scroll of magic mapping
 e - 8 scrolls of teleportation
 i - 3 scrolls of enchant armour
 k - a scroll of holy word
 l - 4 scrolls of enchant weapon
 m - a scroll of fear
 x - 3 scrolls of noise
 D - 4 scrolls of summoning
 F - 2 scrolls of amnesia
 G - a scroll of brand weapon
 J - a scroll of torment
Potions
 f - 2 potions of resistance
 h - 3 potions of attraction
 n - 4 potions of degeneration
 o - a potion of brilliance
 t - 2 potions of might
 v - 9 potions of curing
 z - a potion of flight
 A - 2 potions of cancellation
 H - a potion of lignification
 P - a potion of berserk rage {unknown}
 Q - a potion of haste {unknown}
 R - a potion of mutation {unknown}


   Skills:
 + Level 7.0 Fighting
 + Level 6.1 Throwing
 - Level 4.4 Dodging
 + Level 2.8 Shields
 * Level 10.6 Unarmed Combat


You had 9 spell levels left.
You didn't know any spells.
Your spell library contained the following spells:

 Spells                   Type           Power      Damage    Failure   Level
 Blink                    Tloc           0%         N/A       99%         2
 Sublimation of Blood     Necr           0%         N/A       99%         2
 Animate Armour           Summ/Erth      0%         N/A       100%        4
 Petrify                  Tmut/Erth      0%         N/A       100%        4
 Blade Hands              Tmut           0%         N/A       100%        5
 Irradiate                Conj/Tmut      0%         3d13      100%        5
 Manifold Assault         Tloc           0%         N/A       100%        5
 Iron Shot                Conj/Erth      0%         9d1       100%        6
 Storm Form               Tmut/Air       0%         N/A       100%        7


Dungeon Overview and Level Annotations

Branches:
Dungeon (9/15)             Temple (1/1) D:4           Sewer (visited)
Ossuary (visited)
   Lair: D:8-11         Orc: D:9-12

Altars:
Dithmenos
Elyvilon
Gozag
Makhleb
Okawaru
Qazlal
Ru
Zin

Shops:
D:4 :***(   D:6 *   D:7 :


Innate Abilities, Weirdness & Mutations

You are too large for most types of armour.
You have claws for hands.
Your natural rate of healing is unusually fast.
You are covered in fur. (AC +1)
You have tough skin. (AC +1)


Message History

The boomerang closely misses the centaur warrior.
You recover from your berserk rage.
The centaur warrior shoots an arrow.
The arrow misses you.
Throw: 4 boomerangs
Press: ? - help, Q - select action, (/) - cycle Shift-Dir - straight line, f/p - centaur warrior
Aim: a centaur warrior, wielding a +0 longbow (moderately wounded, 72% to hit)
You throw a boomerang.
The boomerang hits the centaur warrior!!
The centaur warrior is severely wounded.
The centaur warrior shoots an arrow.
The arrow completely misses you.
An orc wizard comes into view. It is wielding a +0 dagger.
The tengu warrior hits you from afar with a +2 vorpal halberd.
The centaur warrior shoots an arrow.
The arrow hits you!
The centaur warrior shoots an arrow.
The arrow hits you!!
A cyan ugly thing comes into view.
The tengu warrior closely misses you.
Your skin crawls.
You feel strong-willed.
The tengu warrior hits you from afar with a +2 vorpal halberd.
The centaur warrior shoots an arrow.
The arrow hits you!
The centaur warrior shoots an arrow.
The arrow hits you!
The centaur warrior shoots an arrow.
The arrow hits you!
There is an open door, spattered with blood here.
The centaur warrior shoots an arrow.
The arrow hits you!
* * * LOW HITPOINT WARNING * * *
The cyan ugly thing attacks as you move away!
The cyan ugly thing kicks you.
* * * LOW HITPOINT WARNING * * *
The cyan ugly thing shocks you!
* * * LOW HITPOINT WARNING * * *
Unknown command.
It was a potion of might.
You feel very mighty all of a sudden. The cyan ugly thing closely misses you.
Your skin crawls.
You feel strong-willed. The cyan ugly thing kicks you.
* * * LOW HITPOINT WARNING * * *
The cyan ugly thing shocks you!
You die...

#.## ##...### #######
#.....o### #.....#
#..#.DQc.### #.....# #.
###.c...# #.....#
#[###.)### #.....# ?[
#...'.###.....# # ##(
#..##u..###...# #.
#+#...#@.....###.# #.##
#..##..#.....#.# #...###
....#...###..##.#
+.....###...##..###...#..#
#.......###.#.....#..##..#
#.......'.#####......#...#
#......##...#.###...##...#
#......#...##...#'#.#....#
#......###.'......###....#


You could see a cyan ugly thing.

Vanquished Creatures
  A two-headed ogre (D:9)
  A troll (D:9)
  Grinder (D:5)
  2 wraiths (Ossuary)
  2 vampires (D:9)
  3 yaks (D:8)
  Eustachio (D:4)
  2 water moccasins
  2 orc warriors (D:7)
  A black bear (D:4)
  3 ice beasts
  A sky beast (D:8)
  3 centaurs
  2 phantoms (D:7)
  A kobold brigand (D:6)
  2 necrophages (D:5)
  5 bullfrogs
  A gnoll sergeant (D:8)
  A scorpion (D:5)
  6 wights
  A killer bee (D:4)
  2 howler monkeys
  4 crimson imps (D:8)
  2 jellies (D:5)
  3 orc priests
  Ijyb (D:3)
  4 iguanas
  12 orc wizards
  A hell rat (Sewer)
  A hound skeleton (D:5)
  Robin (D:4)
  4 gnolls (D:8)
  3 river rats
  6 adders
  5 shadow imps
  2 white imps (D:8)
  2 ufetubi
  An adder zombie (Ossuary)
  A worm (D:5)
  A dart slug (D:5)
  20 orcs
  6 endoplasms
  7 giant cockroaches
  13 goblins
  10 hobgoblins
  4 jackals (D:4)
  2 quokkas (D:3)
  4 ball pythons
  2 ball python skeletons (Ossuary)
  8 bats
  A hobgoblin zombie (Ossuary)
  11 kobolds
  4 kobold zombies (Ossuary)
  An orc skeleton (Ossuary)
  15 rats
206 creatures vanquished.

Notes
Turn   | Place    | Note
-------+----------+-------------------------------------------
     0 | D:1      | kevlar127 the Troll Berserker began the quest for the Orb.
     0 | D:1      | Reached XP level 1. HP: 22/22 MP: 0/0
   408 | D:1      | Reached XP level 2. HP: 29/29 MP: 1/1
  1399 | D:2      | Reached XP level 3. HP: 36/36 MP: 2/2
  1466 | D:2      | Found a faded altar of an unknown god.
  1765 | D:3      | Reached ** piety under Trog
  1828 | D:3      | Noticed Ijyb
  1836 | D:3      | Killed Ijyb
  1837 | D:3      | Reached XP level 4. HP: 45/45 MP: 3/3
  2038 | D:3      | Identified a scroll of acquirement
  2473 | D:4      | Found Poga's Assorted Antiques.
  2475 | D:4      | Noticed Eustachio
  2504 | D:4      | Killed Eustachio
  2505 | D:4      | Reached skill level 4 in Unarmed Combat
  2505 | D:4      | Reached XP level 5. HP: 22/54 MP: 0/4
  2600 | D:4      | Found a staircase to the Ecumenical Temple.
  2632 | D:4      | Found Hattuall's General Store.
  2697 | D:4      | Noticed a black bear
  2703 | D:4      | Killed a black bear
  2704 | D:4      | Reached XP level 6. HP: 58/62 MP: 5/5
  2738 | D:4      | Found Seiklosch's Book Boutique.
  2990 | D:4      | Found Moem's General Store.
  3166 | D:4      | Found Saogoreli's Weapon Emporium.
  3306 | D:4      | Noticed Robin
  3343 | D:4      | Killed Robin
  3880 | D:4      | Bought a steel ring for 140 gold pieces
  3905 | D:4      | Bought a potion of curing for 36 gold pieces
  3917 | Temple   | Entered the Ecumenical Temple
  3932 | D:5      | Entered Level 5 of the Dungeon
  3948 | D:5      | Reached skill level 1 in Throwing
  3948 | D:5      | Reached skill level 5 in Unarmed Combat
  3994 | D:5      | Reached XP level 7. HP: 70/70 MP: 6/6
  4116 | D:5      | Found a burning altar of Makhleb.
  4285 | D:5      | Reached *** piety under Trog
  4517 | D:5      | Noticed Grinder
  4517 | D:5      | Paralysed by Grinder for 4 turns
  4538 | D:5      | Killed Grinder
  4539 | D:5      | Reached skill level 6 in Unarmed Combat
  4539 | D:5      | Reached XP level 8. HP: 79/79 MP: 3/7
  4549 | D:5      | Reached skill level 5 in Fighting
  4711 | D:6      | Reached skill level 7 in Unarmed Combat
  4906 | D:6      | Found Irrezisch's Assorted Antiques.
  5011 | D:6      | Found a sacrificial altar of Ru.
  5161 | D:6      | Found a glowing drain.
  5172 | Sewer    | Entered a sewer
  5403 | D:7      | Found a sand-covered staircase.
  5409 | Ossuary  | Entered an ossuary
  5506 | Ossuary  | Noticed a flying skull
  5539 | Ossuary  | Noticed a flying skull
  5589 | Ossuary  | Noticed a flying skull
  5596 | Ossuary  | Noticed a flying skull
  5603 | Ossuary  | Reached skill level 8 in Unarmed Combat
  5658 | Ossuary  | Noticed a flying skull
  5669 | Ossuary  | Reached XP level 9. HP: 70/89 MP: 5/8
  5790 | D:7      | Found Hoanil's Book Emporium.
  5961 | D:7      | Acquired the +3 shadow dragon scales "Utope" {Str-2 Dex+6
                  | Stlth++++}
  6108 | D:7      | Found an opulent altar of Gozag.
  6209 | D:7      | Found a shadowy altar of Dithmenos.
  6254 | D:7      | Reached skill level 9 in Unarmed Combat
  6615 | D:7      | Reached skill level 5 in Throwing
  6632 | D:7      | Found a glowing silver altar of Zin.
  6633 | D:7      | Found a stormy altar of Qazlal.
  6637 | D:7      | Found an iron altar of Okawaru.
  7178 | D:8      | Reached skill level 1 in Shields
  7393 | D:8      | Reached **** piety under Trog
  7583 | D:8      | Reached XP level 10. HP: 100/100 MP: 9/9
  7645 | D:8      | Reached skill level 10 in Unarmed Combat
  8244 | D:9      | Noticed a two-headed ogre
  8256 | D:9      | Killed a two-headed ogre
  8512 | D:9      | Noticed a centaur warrior
  8512 | D:9      | Noticed a tengu warrior
  8518 | D:9      | Noticed a cyan ugly thing
  8527 | D:9      | Slain by a cyan ugly thing

Illustrated notes

Levels and vault maps discovered:
D:1:      scummos_arrival_gate, layout_loops_corners
D:2:      layout_basic, shapermc_ecumenical_altar_acropolis, minmay_circled_x
D:3:      layout_basic, uniq_ijyb
D:4:      layout_basic, minmay_temple_entry_offerings, serial_shops, shop,
          nicolae_lakefront_shop, nicolae_shop_competitors_out_of_business,
          shop, kennysheep_mini, kennysheep_generic_room_16, uniq_robin,
          uniq_eustachio
D:5:      layout_rooms, makhleb_blood_cavern_becter, uniq_grinder
D:6:      layout_cave_pools, nicolae_ru_awakened_eye, portal_sewer_entry_e,
          serial_shops, nicolae_shop_overgrown_old_shop
D:7:      layout_layer_cave, lemuel_crystal_altar, lemuel_tele_altar,
          nicolae_overflow_hidden_temple, serial_shops, shop, enter_ossuary_1
D:8:      layout_loops_ring, minmay_nine_imps
D:9:      minmay_slanted_spiral_squares, layout_gridville
Temple:   dshaligram_water_room_temple

Skill      XL: |  1  2  3  4  5  6  7  8  9 10 |
---------------+-------------------------------+-----
Fighting       | 3 4 5 6 7 |  7.0
Dodging        | 3 4 |  4.4
Unarmed Combat | 4 5 6 8 9 10 | 10.6
Throwing       | 1 2 4 5 6 |  6.1
Shields        | 1 2 |  2.8

Action                   |  1- 3 |  4- 6 |  7- 9 | 10-12 || total
-------------------------+-------+-------+-------+-------++-------
Melee: Unarmed           |    91 |   129 |   268 |    57 ||   545
       Punch             |       |     4 |    12 |     3 ||    19
Throw: Dart              |     4 |       |     8 |       ||    12
       Stone             |     1 |       |     3 |       ||     4
       Boomerang         |       |       |    29 |    30 ||    59
Invok: Berserk           |     1 |     1 |     2 |     2 ||     6
       Trog's Hand       |       |     3 |     9 |     5 ||    17
Evoke: Wand              |       |       |       |     4 ||     4
  Use: Scroll            |     2 |     1 |    15 |     1 ||    19
       Potion            |       |       |     4 |     1 ||     5
 Stab: Sleeping          |     1 |       |     1 |       ||     2
Armor: Animal skin       |    41 |    47 |    24 |       ||   112
       Shadow dragon sca |       |       |    38 |    19 ||    57
Dodge: Dodged            |    35 |    80 |   157 |    40 ||   312

Table legend: (Time is in decaauts)
 A = Elapsed time spent in this place.
 B = Non-inter-level travel time spent in this place.
 C = Inter-level travel time spent in this place.
 D = Time resting spent in this place.
 E = Time spent auto-exploring this place.
 F = Levels seen in this place.
 G = Mean time per level.
                   A        B        C        D        E       F      G
               +--------+--------+--------+--------+--------+-----+--------+
         Total |   8554 |   8044 |    510 |    784 |   5335 |  12 |  712.8 |
       Dungeon |   8118 |   7608 |    510 |    779 |   5072 |   9 |  902.0 |
        Temple |      1 |      1 |      0 |      0 |      0 |   1 |    1.0 |
         Sewer |     90 |     90 |      0 |      0 |     53 |   1 |   90.0 |
       Ossuary |    344 |    344 |      0 |      5 |    209 |   1 |  344.0 |
               +--------+--------+--------+--------+--------+-----+--------+

Top non-repeatable levels by time:
     D:4: 1457 daAuts
     D:7: 1396 daAuts
     D:1: 1013 daAuts
     D:8: 967 daAuts
     D:3: 810 daAuts
     D:5: 724 daAuts
     D:6: 675 daAuts
     D:2: 649 daAuts
     D:9: 423 daAuts
 Ossuary: 344 daAuts
   Sewer: 90 daAuts
  Temple: 1 daAuts
